 Dungeon Crawl Stone Soup version 0.22-a0-558-gc224181 (webtiles) character file.

1628 inc the Fighter (level 8, -6/92 HPs)
             Began as an Ogre Arcane Marksman on June 27, 2018.
             Was a Follower of Okawaru.
             Mangled by a troll (13 damage)
             ... on level 8 of the Dungeon.
             The game lasted 00:18:18 (10718 turns).

inc the Fighter (Ogre Arcane Marksman)             Turns: 10718, Time: 00:18:20

Health: -6/92      AC:  8    Str: 15    XL:     8   Next: 97%
Magic:  15/20      EV: 12    Int: 16    God:    Okawaru [*.....]
Gold:   255        SH:  0    Dex:  9    Spells: 2/9 levels left

rFire    . . .     SeeInvis .   d - +0 giant spiked club
rCold    . . .     Gourm    +   (shield currently unavailable)
rNeg     . . .     Faith    .   v - +2 robe
rPois    .         Spirit   .   (helmet restricted)
rElec    .         Reflect  .   s - +1 cloak
rCorr    .         Harm     .   (gloves unavailable)
MR       .....                  (boots unavailable)
Stlth    +++.......             p - amulet of the gourmand
HPRegen  0.25/turn              H - +1 ring of protection
MPRegen  0.17/turn              c - ring of magical power

@: heroism
A: large, unfitting armour, tough skin 1
a: Heroism, Renounce Religion


You were on level 8 of the Dungeon.
You worshipped Okawaru.
Okawaru was aware of your devotion.
You were hungry.

You visited 2 branches of the dungeon, and saw 9 of its levels.

You collected 255 gold pieces.

Inventory:

Hand Weapons
 a - a -1 giant club
 d - a +0 giant spiked club (weapon)
 n - a +0 club
 A - a +1 mace
 E - a +0 flail
Missiles
 r - 5 tomahawks
 J - 3 large rocks (quivered)
Armour
 s - a +1 cloak (worn)
 t - a +0 robe
 v - a +2 robe (worn)
Jewellery
 c - a ring of magical power (right hand)
 p - an amulet of the gourmand (around neck)
 H - a +1 ring of protection (left hand)
Wands
 o - a wand of disintegration (16)
 z - a wand of iceblast (7)
 B - a wand of enslavement (14)
 C - a wand of digging (12)
Scrolls
 b - 2 scrolls of enchant weapon
 g - 2 scrolls of enchant armour
 h - 3 scrolls of remove curse
 k - 2 scrolls of magic mapping
 l - a scroll of blinking {unknown}
 m - 3 scrolls of teleportation
 q - 2 scrolls of amnesia {unknown}
 u - a scroll of fog {unknown}
 w - a scroll of immolation
 y - 4 scrolls of identify
Potions
 e - 2 potions of degeneration
 i - 3 potions of haste
 j - a potion of brilliance {unknown}
 x - a potion of flight {unknown}
 D - a potion of curing
 F - a potion of invisibility {unknown}
 G - a potion of cancellation {unknown}
 I - a potion of mutation {unknown}
Comestibles
 f - 6 rations


   Skills:
 - Level 9.3(14.3) Fighting
 - Level 5.4(10.4) Maces & Flails
 - Level 2.0(7.0) Throwing
 - Level 1.7(6.7) Dodging
 - Level 1.2 Spellcasting
 + Level 4.1 Hexes
 - Level 4.7 Invocations


You had 2 spell levels left.
You knew the following spells:

 Your Spells              Type           Power        Failure   Level  Hunger
a - Corona                Hex            ##.....      4%          1    ##.....
b - Slow                  Hex            ##......     6%          2    ###....
c - Portal Projectile     Hex/Tloc       #.....       28%         3    ####...
d - Summon Small Mammal   Summ           #...         22%         1    ##.....

Your spell library contained the following spells:

 Spells                   Type           Power        Failure   Level  Hunger
 Cause Fear               Hex            ##........   38%         4    #####..
 Apportation              Tloc           #.....       22%         1    ##.....
 Animate Skeleton         Necr           N/A          22%         1    ##.....
 Confusing Touch          Hex            ##....       4%          1    ##.....
 Leda's Liquefaction      Hex/Erth       #.........   67%         4    #####..
 Inner Flame              Hex/Fire       #.......     28%         3    ####...


Dungeon Overview and Level Annotations

Branches:
Dungeon (8/15)             Temple (1/1) D:5
   Lair: D:8-11

Altars:
Ashenzari
Cheibriados
Dithmenos
Elyvilon
Fedhas
Gozag
Hepliaklqana
Kikubaaqudgha
Makhleb
Nemelex Xobeh
Okawaru
Qazlal
Ru
Sif Muna
Trog
Uskayaw
Vehumet
Wu Jian
Xom
Zin
The Shining One

Shops:
D:4 =   D:5 %


Innate Abilities, Weirdness & Mutations

You are too large for most types of armour.
You have tough skin. (AC +1)


Message History

The large rock closely misses the troll.
You are no longer teleporting projectiles to their destination.
You closely miss the troll. The troll bites you!! The troll claws you.
The troll closely misses you. The troll bites you!
The troll completely misses you. The troll claws you.
You completely miss the troll. The troll bites you! The troll claws you!
The troll claws you but does no damage.
You gain the combat prowess of a mighty hero.
The troll bites you! The troll barely misses you. The troll claws you!
* * * LOW HITPOINT WARNING * * *
Throwing (i - inventory. (/) - cycle)
J - 4 large rocks (quivered)
Press: ? - help, Shift-Dir - straight line, f/p - troll
Aim: a troll You throw a large rock.
The large rock hits the troll!
The troll is moderately wounded.
The troll bites you!
* * * LOW HITPOINT WARNING * * *
The troll barely misses you. The troll closely misses you.
The troll bites you but does no damage. The troll claws you!
You die...

### # #.. .#
########.###(.##
#.....##...(....
#.....##.....(#
#.......@T.#
#<....##...#
#.....##.......
########........
#...#.##.
.....>.#
##.###.# .. .


You could see a troll.

Vanquished Creatures
  A necrophage (D:6)
  4 ogres
  Blork the orc (D:5)
  2 bullfrogs (D:7)
  2 scorpions (D:7)
  A howler monkey (D:5)
  2 crimson imps
  A centaur zombie (D:7)
  Crazy Yiuf (D:2)
  4 hounds
  2 jellies
  An orc priest (D:7)
  An iguana (D:7)
  6 orc wizards
  Natasha (thrice) (D:3)
  A worker ant (D:7)
  2 hound skeletons
  A howler monkey skeleton (D:7)
  10 adders
  A shadow imp (D:5)
  An adder skeleton (D:7)
  3 worms
  A dart slug (D:1)
  5 leopard geckos
  12 orcs
  8 bats
  6 giant cockroaches
  7 goblins
  5 hobgoblins
  9 jackals
  4 quokkas
  4 frilled lizards
  A jackal skeleton (D:6)
  6 kobolds
  A quokka zombie (D:5)
  7 rats
127 creatures vanquished.

Notes
Turn   | Place    | Note
-------+----------+-------------------------------------------
     0 | D:1      | inc the Ogre Arcane Marksman began the quest for the Orb.
     0 | D:1      | Reached XP level 1. HP: 19/19 MP: 2/2
   209 | D:1      | Reached skill level 2 in Fighting
   514 | D:1      | Reached XP level 2. HP: 15/29 MP: 3/3
   521 | D:1      | Reached skill level 3 in Fighting
  1614 | D:2      | Reached XP level 3. HP: 27/39 MP: 4/4
  1760 | D:2      | Reached skill level 4 in Fighting
  2736 | D:2      | Reached XP level 4. HP: 49/49 MP: 5/5
  2846 | D:2      | Found a runed door.
  3025 | D:2      | Noticed Crazy Yiuf
  3029 | D:2      | Killed Crazy Yiuf
  3029 | D:2      | Reached skill level 5 in Fighting
  3029 | D:2      | Reached skill level 1 in Maces & Flails
  3072 | D:3      | Found a snail-covered altar of Cheibriados.
  3193 | D:3      | Noticed Natasha
  3197 | D:3      | Killed Natasha
  3197 | D:3      | Reached XP level 5. HP: 51/57 MP: 2/6
  3335 | D:3      | Noticed Natasha
  3338 | D:3      | Killed Natasha
  3467 | D:3      | Noticed Natasha
  3473 | D:3      | Killed Natasha
  3473 | D:3      | Reached skill level 6 in Fighting
  3485 | D:3      | Learned a level 2 spell: Slow
  3489 | D:3      | Learned a level 3 spell: Portal Projectile
  3888 | D:3      | Reached XP level 6. HP: 67/67 MP: 7/7
  4478 | D:4      | Found Ilore's Jewellery Boutique.
  5097 | D:5      | Entered Level 5 of the Dungeon
  5097 | D:5      | Noticed an ice beast
  5501 | D:5      | Found a staircase to the Ecumenical Temple.
  5527 | D:5      | Noticed Blork the orc
  5543 | D:5      | Killed Blork the orc
  5543 | D:5      | Reached skill level 7 in Fighting
  5543 | D:5      | Reached XP level 7. HP: 42/78 MP: 8/8
  5819 | D:5      | Found Vuimugaq's Food Shoppe.
  6149 | D:5      | Found an iron altar of Okawaru.
  6157 | D:5      | Became a worshipper of Warmaster Okawaru
  6469 | D:6      | Noticed a hungry ghost
  6817 | D:6      | Reached skill level 8 in Fighting
  7114 | D:6      | Learned a level 1 spell: Summon Small Mammal
  8341 | Temple   | Entered the Ecumenical Temple
  8782 | D:7      | Reached skill level 5 in Maces & Flails
  8782 | D:7      | Reached XP level 8. HP: 78/91 MP: 9/9
  9045 | D:7      | Reached skill level 9 in Fighting
  9051 | D:7      | Reached * piety under Okawaru
  9655 | D:7      | Reached skill level 1 in Invocations
 10710 | D:8      | Noticed a troll
 10718 | D:8      | Mangled by a troll

Vault maps used:
D:1:      scummos_arrival_hexagon
D:2:      uniq_crazy_yiuf_cottage
D:3:      lemuel_tele_altar, uniq_natasha
D:4:      serial_shops, shop
D:5:      minmay_temple_entry_from_below_b, serial_shops, shop, first_ration,
          kennysheep_okawaru_gauntlet, uniq_blork_the_orc
D:6:      dk_noncrumbling_2
D:8:      cheibrodos_barr_body, old_standard_altar,
          nicolae_ossuary_entry_catacombs, serial_shops,
          nicolae_shop_waterfront, uniq_maurice, uniq_erica
Temple:   nicolae_temple_the_god_donut

Skill      XL: |  1  2  3  4  5  6  7  8 |
---------------+-------------------------+-----
Fighting       | 2 3 4 5 6 7 8 9 |  9.3
Maces & Flails | 1 2 3 5 |  5.4
Hexes          | 4 |  4.1
Invocations    | 4 |  4.7
Throwing       | |  2.0
Dodging        | |  1.7
Spellcasting   | |  1.2

Action                   |  1- 3 |  4- 6 |  7- 9 || total
-------------------------+-------+-------+-------++-------
Melee: Unarmed           |    55 |       |       ||    55
       Club              |    96 |       |       ||    96
       Mace              |       |   166 |   229 ||   395
       Giant spiked club |       |       |    42 ||    42
Throw: Tomahawk          |    34 |     4 |     6 ||    44
       Large rock        |    14 |    20 |    23 ||    57
       Throwing net      |       |     1 |     1 ||     2
 Cast: Corona            |     2 |    12 |     2 ||    16
       Slow              |       |    12 |     4 ||    16
       Portal Projectile |       |       |     1 ||     1
Invok: Heroism           |       |       |     4 ||     4
  Use: Potion            |     2 |     2 |     4 ||     8
       Scroll            |       |     4 |     6 ||    10
 Stab: Sleeping          |     1 |       |       ||     1
  Eat: Chunk             |     6 |     8 |    12 ||    26
       Ration            |       |     1 |     4 ||     5
Armor: Robe              |    90 |    88 |   102 ||   280
Dodge: Dodged            |   139 |   120 |   153 ||   412

Table legend:
 A = Spawn XP
 B = Non-spawn XP
 C = Spawn XP percentage of total XP
 D = Spawn monster count
 E = Non-spawn monster count
 F = Spawn count percentage of total count
 G = Total turns spent on level
                    A         B        C        D         E        F      G
               +---------+---------+-------+---------+---------+-------+---------
         Total |       0 |    2327 |   0.0 |       0 |     127 |   0.0 | 10718
               +---------+---------+-------+---------+---------+-------+---------
           D:1 |       0 |      19 |   0.0 |       0 |      11 |   0.0 |  1596
           D:2 |       0 |     127 |   0.0 |       0 |      34 |   0.0 |  1770
           D:3 |       0 |     198 |   0.0 |       0 |      23 |   0.0 |  1155
           D:4 |       0 |     115 |   0.0 |       0 |       8 |   0.0 |   903
           D:5 |       0 |     262 |   0.0 |       0 |       9 |   0.0 |  1324
           D:6 |       0 |     414 |   0.0 |       0 |      13 |   0.0 |  1923
           D:7 |       0 |    1076 |   0.0 |       0 |      28 |   0.0 |  1868
           D:8 |       0 |     116 |   0.0 |       0 |       1 |   0.0 |    15
               +---------+---------+-------+---------+---------+-------+---------
